 Dungeon Crawl Stone Soup version 0.19.0 (webtiles) character file.

358 Kullungy the Shield-Bearer (level 6, -1/38 HPs)
             Began as a Gargoyle Fighter on Nov 1, 2016.
             Slain by a howler monkey (5 damage)
             ... on level 4 of the Dungeon.
             The game lasted 00:21:29 (3090 turns).

Kullungy the Shield-Bearer (Gargoyle Fighter)       Turns: 3090, Time: 00:21:29

Health: -1/38      AC: 14    Str: 27    XL:     6   Next: 64%
Magic:  6/6        EV:  9    Int:  8    God:    Xom [.*....]
Gold:   192        SH: 13    Dex: 15    Spells: 0 memorised, 5 levels left

rFire  . . .     SeeInvis +     a - +0 flail
rCold  . . .     Gourm    .     b - +0 scale mail
rNeg   + . .     Faith    .     t - +2 shield
rPois  ∞         Spirit   .     E - +1 hat
rElec  +         Reflect  .     G - +0 cloak (curse)
rCorr  .         Harm     .     f - +0 pair of gloves
MR     .....                    (no boots)
Stlth  ..........               (no amulet)
                                D - +6 ring of dexterity
                                l - ring of see invisible

@: mighty
A: negative energy resistance 1, electricity resistance, unbreathing,
petrification resistance, rot immunity, AC +4
a: Renounce Religion


You were on level 4 of the Dungeon.
You worshipped Xom.
You were a plaything of Xom.
You were very full.

You visited 1 branch of the dungeon, and saw 4 of its levels.

You collected 192 gold pieces.

Inventory:

Hand Weapons
 a - a +0 flail (weapon)
 e - a +1 dagger of venom
 u - a +0 short sword
 A - a +0 whip
 B - a +0 club
 F - a +2 quarterstaff of chaos
 H - a +0 mace
 K - a +0 short sword
 M - a +0 short sword
 P - a +0 long sword of holy wrath
 Q - a +0 halberd
 R - a +0 whip
 S - a +0 mace
 T - a cursed -3 club
 U - a +0 hunting sling
 Y - a +0 hand axe
Missiles
 k - 95 stones (quivered)
 m - 23 arrows
 q - 19 bolts
 s - 46 sling bullets
 v - 15 poisoned needles
 X - 2 poisoned tomahawks
Armour
 b - a +0 scale mail (worn)
 c - a +0 shield
 f - a +0 pair of gloves (worn)
 p - a +0 leather armour
 t - a +2 shield (worn)
 E - a +1 hat (worn)
 G - a cursed +0 cloak (worn)
 J - a +0 ring mail
 N - a +0 robe
Jewellery
 l - a ring of see invisible (left hand)
 D - a +6 ring of dexterity (right hand)
Wands
 g - a wand of random effects (38/48)
Scrolls
 i - a scroll of amnesia
 j - a scroll of enchant armour
 r - a scroll of fog
 w - a scroll of remove curse
 y - a scroll of random uselessness
 z - a scroll of noise
Potions
 x - a potion of flight
 I - a potion of degeneration
Books
 O - a Grand Grimoire

   Spells                             Type                      Level
   a - Monstrous Menagerie            Summoning                    7
   b - Summon Greater Demon           Summoning                    7
   c - Malign Gateway                 Summoning/Translocation      7
   d - Summon Horrible Things         Summoning                    8
 V - a book of Misfortune

   Spells                             Type                      Level
   a - Confusing Touch                Hexes                        1
   b - Confuse                        Hexes                        3
   c - Gell's Gravitas                Hexes/Translocation          3
   d - Petrify                        Transmutation/Earth          4
   e - Metabolic Englaciation         Hexes/Ice                    5
   f - Yara's Violent Unravelling     Hexes/Transmutation          5
Comestibles
 h - a meat ration
 n - 2 beef jerkies
 C - 7 fruits


   Skills:
 * Level 4.1 Fighting
 + Level 4.0 Maces & Flails
 + Level 4.2 Armour
 + Level 1.4 Dodging
 + Level 5.2 Shields


You had 5 spell levels left.
You didn't know any spells.

Dungeon Overview and Level Annotations

Branches:
Dungeon (4/15)
 Temple: D:4-7

Altars:
Xom


Innate Abilities, Weirdness & Mutations

You are resistant to torment.
Your stone body is resilient. (AC +4)
You are immune to poison.
You resist negative energy. (rN+)
You are resistant to electric shocks. (rElec)
You can survive without breathing.
You are immune to petrification.
You are immune to rotting.


Message History

Xom thinks this is hilarious!
The orc seems to slow down.
Evoking this partially-identified wand wasted a few charges.
You block the quokka's attack.
Your short sword hits the quokka!
The quokka dies!
The jackal barely misses you. You block the howler monkey's attack.
The orc hits you but does no damage.
The orc wizard hits you but does no damage.
The orc closely misses you.
You closely miss the orc.
The orc is moderately wounded.
You block the jackal's attack. The howler monkey hits you.
* * * LOW HITPOINT WARNING * * *
Your short sword hits the orc!
The orc dies!
The orc wizard casts a spell at you. You resist with some effort.
The jackal barely misses you. The orc misses you. The howler monkey hits you.
You die... "It was about time."

............##.#.#
...........# #.#.#
...........# #.#.#
...........###...#
...........##...#.#
...........#....##.#
....).§.)§..##..# #
.....#(§h§.####..#
... #§@o.## #.#
......ho#.# ..#
......####.# #.#
...h.# ..# .# .hh##
.... ## ... ..### .
##


You could see a howler monkey, an orc wizard (invisible), an orc, 4 jackals and
a friendly short sword.

Vanquished Creatures
  The ghost of kraedy the Cudgeler, a weakling GrFi (D:3)
  An orc priest (D:3)
  Crazy Yiuf (D:2)
  Jessica (D:3)
  An orc wizard (D:4)
  A hound skeleton (D:4)
  3 gnolls (D:3)
  4 adders (D:3)
  A worm (D:2)
  4 dart slugs
  2 leopard geckos
  5 orcs
  2 giant cockroaches
  8 goblins
  6 hobgoblins
  3 jackals (D:2)
  6 kobolds
  A quokka (D:2)
  2 ball pythons
  10 bats
  4 frilled lizards
  7 rats
74 creatures vanquished.

Vanquished Creatures (collateral kills)
  An orc priest (D:4)
  2 orc wizards (D:4)
  2 orcs (D:4)
  A quokka (D:4)
6 creatures vanquished.

Grand Total: 80 creatures vanquished

Notes
Turn   | Place    | Note
-------+----------+-------------------------------------------
     0 | D:1      | Kullungy the Gargoyle Fighter began the quest for the Orb.
     0 | D:1      | Reached XP level 1. HP: 14/14 MP: 1/1
    61 | D:1      | Reached XP level 2. HP: 19/19 MP: 2/2
   804 | D:1      | Reached XP level 3. HP: 23/23 MP: 3/3
  1169 | D:1      | Reached skill level 4 in Shields
  1749 | D:2      | Found a runed door.
  1753 | D:2      | Noticed Crazy Yiuf
  1760 | D:2      | Killed Crazy Yiuf
  1760 | D:2      | Reached XP level 4. HP: 21/29 MP: 4/4
  1858 | D:2      | Found a faded altar of an unknown god.
  1867 | D:2      | Became a worshipper of Xom of Chaos
  2029 | D:2      | You fall through a shaft!
  2052 | D:3      | Noticed Jessica
  2060 | D:3      | Killed Jessica
  2096 | D:3      | Reached XP level 5. HP: 31/33 MP: 5/5
  2128 | D:3      | XOM: harmless Ice miscast
  2181 | D:3      | Noticed kraedy's ghost (weakling GrFi)
  2201 | D:3      | Killed kraedy's ghost
  2201 | D:3      | Reached skill level 1 in Dodging
  2203 | D:3      | XOM: harmless Tloc miscast
  2506 | D:3      | XOM: god gift: hardcover book {god gift}
  2550 | D:3      | Reached skill level 5 in Shields
  2555 | D:3      | XOM: 2-stop teleportation journey
  2727 | D:3      | XOM: mild Air miscast
  2739 | D:3      | Reached XP level 6. HP: 33/38 MP: 6/6
  2981 | D:3      | XOM: butterfly on damage
  3090 | D:4      | Slain by a howler monkey

Skill      XL: |  1  2  3  4  5  6 |
---------------+-------------------+-----
Shields        | 4 5 |  5.2
Maces & Flails | 3 4 |  4.0
Dodging        | 1 |  1.4
Fighting       | 4 |  4.1
Armour         | 4 |  4.2

Action                   |  1- 3 |  4- 6 || total
-------------------------+-------+-------++-------
Melee: Flail             |   201 |   158 ||   359
Evoke: Wand              |       |     1 ||     1
  Use: Scroll            |     4 |     7 ||    11
       Potion            |       |     1 ||     1
  Eat: Bread ration      |     1 |     1 ||     2
       Chunk             |     1 |       ||     1
       Meat ration       |       |     1 ||     1
       Fruit             |       |     1 ||     1
Armor: Scale mail        |   148 |    99 ||   247
Dodge: Dodged            |    86 |    78 ||   164
Block: Shield            |   145 |   159 ||   304
